 Dungeon Crawl Stone Soup version 0.27-a0-637-g3a9f0a9c12 (webtiles) character file.

Game seed: 12436261869576091078

563023 jasper the Slayer (level 26, -3/271 HPs)
             Began as a Gargoyle Berserker on Mar 14, 2021.
             Was the Champion of Trog.
             Slain by Tiamat
             ... wielding a +4 glaive of venom
              (43 damage)
             ... on level 1 of the Realm of Zot.
             The game lasted 02:43:55 (67843 turns).

jasper the Slayer (Gargoyle Berserker)             Turns: 67843, Time: 02:43:56

Health: -3/271     AC: 65    Str: 22    XL:     26   Next: 70%
Magic:  23/23      EV: 14    Int: 11    God:    Trog [******]
Gold:   1539       SH:  0    Dex: 21    Spells: 25/25 levels left

rFire    + . .     SeeInvis .   e - +9 great mace (flame)
rCold    + . .     Faith    +   (shield currently unavailable)
rNeg     + . .     Spirit   .   M - +9 scales of the Dragon King {rPois rF+ rC+ Will+}
rPois    ∞         Reflect  .   n - +1 helmet "Orrerec" {Dex+6}
rElec    +         Harm     .   o - +2 cloak {rCorr}
rCorr    +         Rampage  .   b - +0 pair of gloves "Siapho" {Slay+5}
Will     +++++                  c - +2 pair of boots
Stlth    ..........             u - amulet of faith
HPRegen  1.55/turn              p - +4 ring of slaying
MPRegen  0.18/turn              J - ring of willpower

@: berserking (expiring), flying, regenerating, studying Bows, very quick
A: AC +20, big wings, negative energy resistance 1, electricity resistance,
torment resistance 1, unbreathing 1, petrification resistance, clumsy 1,
screaming 2
}: 3/15 runes: decaying, abyssal, gossamer
a: Stop Flying, Renounce Religion, Berserk, Trog's Hand, Brothers in Arms


You were on level 1 of the Realm of Zot.
You worshipped Trog.
Trog was exalted by your worship.
You visited 10 branches of the dungeon, and saw 45 of its levels.
You visited the Abyss 2 times.
You also visited: Bailey, Gauntlet, Ice Cave and Desolation.

You collected 9329 gold pieces.
You spent 7790 gold pieces at shops.

Inventory:

Hand Weapons
 e - a +9 great mace of flaming (weapon)
 B - a +5 vorpal great mace
 Z - a +9 antimagic great mace
Missiles
 f - 14 datura-tipped darts
 x - 14 silver javelins
 P - 6 silver boomerangs
 S - 59 boomerangs (quivered)
 V - 2 throwing nets
Armour
 b - the +0 pair of gloves "Siapho" (worn) {Slay+5}
   (You found it in the Desolation of Salt)

   It affects your accuracy and damage with ranged weapons and melee attacks
   (+5).
 c - a +2 pair of boots (worn)
 n - the +1 helmet "Orrerec" (worn) {Dex+6}
   (You found it in an ice cave)

   It affects your dexterity (+6).
 o - a +2 cloak of preservation (worn)
 M - the +9 scales of the Dragon King (worn) {rPois rF+ rC+ Will+}
   (You bought it in a shop on level 9 of the Dungeon)

   It protects you from fire.
   It protects you from cold.
   It protects you from poison.
   It affects your willpower, your defense against some magical effects.
 N - a scarf of repulsion
Jewellery
 k - a ring of protection from fire
 p - a +4 ring of slaying (right hand)
 u - an amulet of faith (around neck)
 J - a ring of willpower (left hand)
 K - a ring of see invisible
Wands
 q - a wand of polymorph (11)
 E - a wand of digging (27)
 L - a wand of flame (32)
 O - a wand of paralysis (18)
 Q - a wand of iceblast (30)
 X - a wand of acid (13)
Scrolls
 j - 2 scrolls of blinking
 m - 3 scrolls of holy word
 r - 9 scrolls of enchant armour
 s - 9 scrolls of fog
 t - 22 scrolls of teleportation
 w - 2 scrolls of silence
 y - 4 scrolls of fear
 C - 3 scrolls of enchant weapon
 D - 3 scrolls of immolation
 G - 4 scrolls of vulnerability
 I - 3 scrolls of magic mapping
 U - 2 scrolls of summoning
Potions
 a - 2 potions of magic
 d - 8 potions of lignification
 h - 8 potions of mutation
 i - 8 potions of heal wounds
 l - 4 potions of cancellation
 v - 17 potions of ambrosia
 A - 27 potions of curing
 F - 12 potions of haste
 H - 2 potions of resistance
 T - 5 potions of invisibility
Miscellaneous
 g - a condenser vane (inert)
 z - a lightning rod (4/4)
 R - a tin of tremorstones (inert)
 W - a box of beasts
 Y - a phantom mirror


   Skills:
 * Level 22.9 Fighting
 - Level 20.0 Maces & Flails
 - Level 12.0 Throwing
 + Level 21.5 Armour
 + Level 16.4 Dodging
 + Level 18.2 Evocations


You had 25 spell levels left.
You didn't know any spells.
Your spell library was empty.

Dungeon Overview and Level Annotations

Branches:
Dungeon (15/15)            Temple (1/1) D:7            Lair (6/6) D:9
  Swamp (4/4) Lair:4       Spider (4/4) Lair:2        Slime (0/5) Lair:6
    Orc (2/2) D:11            Elf (3/3) Orc:2        Vaults (4/5) D:14
  Crypt (0/3) Vaults:3     Depths (5/5) D:15            Zot (1/5) Depths:5
 Bailey (visited)           IceCv (visited)         Desolation (visited)
Gauntlet (visited)

Altars:
Ashenzari
Elyvilon
Fedhas
Gozag
Hepliaklqana
Nemelex Xobeh
Qazlal
Trog
Uskayaw
Vehumet
Wu Jian
Xom
Yredelemnul
Zin
The Shining One
Beogh
Jiyva

Shops:
D:9 *=([   D:11 (   D:13 [   D:14 (   Orc:2 ?**[(

Portals:
Hell: Depths:1 Depths:2 Depths:3 Depths:4 Depths:5
Abyss: Depths:4
Pandemonium: Depths:3
Ziggurat: Depths:2

Annotations:
D:8 2 transporters, rednaxela's ghost, novice BaBr
D:11 3 runed translucent doors, exclusion: ice statue, foci's ghost, journeyman GrFi
Lair:6 exclusion: 2 oklob plants
Swamp:4 exclusion: oklob plant
Elf:3 1 exclusion
Zot:1 Tiamat


Innate Abilities, Weirdness & Mutations

Your stone body is resilient. (AC +20)
You are immune to poison.
Your large and strong wings let you fly indefinitely.
You resist negative energy. (rN+)
You are resistant to electric shocks. (rElec)
You are resistant to unholy torment.
You can survive without breathing.
You are immune to petrification.
You are clumsy. (Dex -2)
You sometimes yell uncontrollably at your foes.


Message History

The yellow draconian looks as sick as possible!
You bludgeon Tiamat!! You burn Tiamat.
Tiamat is heavily wounded.
The yellow draconian is engulfed in poison gas.
The yellow draconian looks as sick as possible!
Tiamat misses you. Tiamat tail-slaps you!
* * * LOW HITPOINT WARNING * * *
You take 9 damage, and have 44/271 hp.
You hit Tiamat but do no damage.
Tiamat is heavily wounded.
You feel the power of Trog in you as your rage grows.
You kill the purple draconian annihilator!
Trog accepts your kill.
Trog appreciates your killing of a magic user.
The white draconian is engulfed in poison gas.
The white draconian looks as sick as possible!
The yellow draconian is engulfed in poison gas.
The yellow draconian looks as sick as possible!
The yellow draconian is engulfed in poison gas.
The yellow draconian looks as sick as possible!
You kill the yellow draconian!
Trog accepts your kill.
Your scales of the Dragon King prevents you from hitting Tiamat.
Tiamat is heavily wounded.
You hit Tiamat but do no damage.
Tiamat is heavily wounded.
Tiamat breathes fire at you. The searing blast hits you! You resist.
* * * LOW HITPOINT WARNING * * *
The white draconian is engulfed in poison gas.
The white draconian looks as sick as possible!
You take 7 damage, and have 38/271 hp.
You hit Tiamat. You burn Tiamat.
Tiamat is heavily wounded.
The yellow draconian is engulfed in poison gas.
The yellow draconian looks as sick as possible!
You bludgeon Tiamat!! You burn Tiamat.
Tiamat is severely wounded.
Tiamat hits you with a +4 glaive of venom!!!
You die...

*,****+****###########...
*,*,,,,###*#.............
*,,,**,§§§,+..........#.#
******,§§#*#..........+..
**#d# #........(.#,# #d#
#..........#.# #{#
#...?:.....#.. #d#
#..........#+# #@#
##'#####...|.. #)# #.#
#...... #.# #.# #.#####
#.# #.# ###.#≈≈≈# #§#
#.###.+.#≈≈≈#
#.####.....#.#≈≈≈#
#..........#.#####
#.####.#####...... #.#
#.# ######+


You could see Tiamat (strong), a yellow draconian (extremely poisoned) and a
white draconian (extremely poisoned).

Vanquished Creatures
  Boris (Vaults:4)
  Bai Suzhen (Vaults:3)
  Xtahua (Depths:5)
  4 caustic shrikes
  Nikola (Swamp:4)
  A pearl dragon (Depths:4)
  3 bone dragons
  3 golden dragons
  A profane servitor (Abyss:3)
  An electric golem (Zot:1)
  4 tentacled monstrosities
  Jorgrun (D:12)
  3 deep elf blademasters (Elf:3)
  4 liches
  A deep elf master archer (Elf:3)
  A quicksilver dragon (Zot:1)
  A death cob (Zot:1)
  A sphinx (Depths:2)
  Gastronok (D:12)
  2 shadow dragons (Depths:5)
  3 tengu reavers
  Donald (Vaults:4)
  3 storm dragons
  A draconian monk (Zot:1)
  2 thorn hunters (Swamp:4)
  A fenstrider witch (Swamp:4)
  8 fire giants
  A draconian knight (Zot:1)
  8 deep elf sorcerers
  11 frost giants
  An orc warlord (D:11)
  Aizul (Elf:1)
  3 ghost moths
  6 imperial myrmidons (Desolation)
  4 hydra zombies (Swamp:4)
  2 balrugs
  2 draconian shifters
  14 vault wardens
  An angel (D:14)
  A draconian scorcher (Zot:1)
  A draconian stormcaller (Zot:1)
  4 deep elf elementalists
  3 war gargoyles
  5 emperor scorpions
  4 spriggan defenders
  18 ironbound preservers
  17 stone giants
  A draconian annihilator (Zot:1)
  52 very ugly things
  An ophan (Depths:4)
  An apis (Depths:4)
  3 green draconians
  4 deep elf demonologists
  4 vampire knights
  A black draconian (Zot:1)
  4 entropy weavers
  Nessos (Lair:6)
  6 dire elephants
  3 deep elf annihilators (Elf:3)
  4 yellow draconians
  7 spark wasps
  A purple draconian (Depths:5)
  5 bunyips
  A blizzard demon (Depths:3)
  A merfolk javelineer (Depths:1)
  A minotaur (Gauntlet)
  4 white draconians
  6 deep elf death magi (Elf:3)
  Josephine (Spider:1)
  Snorg (Lair:6)
  An eleionoma (Swamp:2)
  9 ettins
  4 red draconians
  3 crystal guardians
  8 ragged hierophants (Desolation)
  8 fire dragons
  9 yaktaur captains
  2 jiangshi (Depths:1)
  7 servants of whispers (Desolation)
  5 great orbs of eyes
  8 ironbound thunderhulks
  3 shambling mangroves
  Harold (Temple)
  11 deep elf high priests
  5 rakshasas
  8 ice dragons
  4 boulder beetles
  19 hydras
  Fannar (D:11)
  12 peacekeepers
  4 vault guards (Vaults:4)
  An ogre mage (D:14)
  2 ghost crabs
  3 spriggan air magi
  13 ironbound frosthearts
  7 centaur warriors
  A merfolk avatar (Abyss:3)
  The ghost of Lufidost the Spear-Bearer, a journeyman DsBe of Trog (D:12)
  7 two-headed ogres
  28 dancing weapons
  A catoblepas (Lair:3)
  10 death yaks (Lair:6)
  3 vampire magi
  11 tengu warriors
  2 alligators (Swamp:2)
  3 deep troll shamans
  10 ironbound beastmasters
  A titan zombie (Vaults:4)
  3 spriggan berserkers
  7 deep troll earth magi
  2 orc high priests
  4 thrashing horrors
  10 deep elf knights
  A hell knight (Depths:3)
  9 skeletal warriors
  Nergalle (D:12)
  4 wretched stars (Abyss:2)
  Sonja (Lair:6)
  A sixfirhy (Abyss:3)
  A fire crab (Gauntlet)
  5 goliath frogs
  A death drake (Abyss:2)
  6 iron trolls
  4 spriggan druids
  4 glowing orange brains
  2 unseen horrors
  7 swamp dragons
  A fire crab (shapeshifter) (Gauntlet)
  4 spectral hydras (Swamp:4)
  13 deep elf archers
  62 deep trolls
  10 starcursed masses
  A shadow demon (Abyss:2)
  10 wizards
  2 bog bodies
  8 lindwurms
  Pikel (D:6)
  13 orc knights
  2 harpies
  4 phantasmal warriors
  23 ironbound convokers
  8 orb spiders
  3 necromancers
  36 deep elf zephyrmancers
  A harpy (shapeshifter) (Gauntlet)
  A shadow dragon skeleton (Vaults:3)
  23 wolf spiders
  An orc sorcerer (Orc:2)
  27 deep elf pyromancers
  57 ugly things
  A moth of wrath (shapeshifter) (Depths:3)
  5 manticores
  A salamander (Depths:4)
  10 elephants
  2 moths of wrath
  A salamander (shapeshifter) (Elf:3)
  2 sphinx skeletons
  3 will-o-the-wisps
  A stone giant skeleton (Vaults:3)
  A tengu skeleton (Vaults:3)
  9 large abominations
  4 cyclopes
  A rust devil (Abyss:2)
  3 worldbinders
  3 black mambas
  5 human skeletons
  24 vault sentinels
  A guardian serpent (shapeshifter) (D:15)
  2 smoke demons (Abyss:2)
  4 guardian serpents (Desolation)
  A naga mage (Vaults:4)
  A frost giant skeleton (Vaults:3)
  2 ice statues
  An orange demon (Abyss:2)
  6 torpor snails
  Maggie (D:6)
  2 torpor snails (shapeshifter)
  5 spectral swamp worms (Depths:2)
  11 cane toads
  42 yaktaurs
  10 komodo dragons
  2 kobold demonologists
  3 rime drakes
  5 ice devils (IceCv)
  29 demonic crawlers
  2 hellwings (Depths:3)
  3 freezing wraiths (IceCv)
  A golden dragon simulacrum (IceCv)
  2 anaconda simulacra (IceCv)
  8 tengu conjurers
  A queen bee (Spider:3)
  A meliai (shapeshifter) (Elf:3)
  6 red devils
  A bloated husk (Swamp:4)
  3 meliai (Spider:3)
  A yaktaur skeleton (Vaults:3)
  8 trolls
  5 raiju
  8 tyrant leeches
  2 death drake zombies (Swamp:4)
  37 hornets
  3 polar bears (Lair:6)
  36 jumping spiders
  63 saltlings (Desolation)
  A troll (shapeshifter) (Elf:3)
  A death drake skeleton (Swamp:4)
  3 hydra skeletons (Swamp:4)
  Grinder (D:6)
  A harpy skeleton (D:15)
  27 slime creatures
  2 dream sheep (Lair:6)
  An iron dragon simulacrum (Vaults:4)
  21 blink frogs
  An air elemental (Elf:2)
  An ettin skeleton (Vaults:3)
  67 redbacks
  22 tarantellas
  32 spriggans
  10 wraiths
  8 wyverns
  3 dire elephant simulacra (IceCv)
  2 vampires
  24 yaks
  3 ynoxinuls
  4 basilisks
  6 fire bats (Gauntlet)
  8 water elementals
  An elf skeleton (Vaults:3)
  A hog (shapeshifter) (D:13)
  21 vampire mosquitoes
  9 golden eyes
  3 fire elementals
  2 steam dragons (Lair:3)
  2 chaos spawn
  8 small abominations
  A yaktaur simulacrum (Vaults:4)
  2 neqoxecs
  3 swamp worms (shapeshifter)
  2 harpy simulacra (IceCv)
  Edmund (D:4)
  3 iron troll simulacra (IceCv)
  6 wargs
  19 swamp worms
  An acid dragon (D:9)
  Duvessa (D:6)
  A floating eye (Depths:4)
  A floating eye (shapeshifter) (D:15)
  3 hell hounds
  5 hydra simulacra
  26 water moccasins
  11 swamp drakes
  50 orc warriors
  2 ice beasts
  A swamp dragon zombie (Swamp:4)
  3 sky beasts
  A necrophage (D:12)
  3 ettin simulacra
  6 black bears
  12 ogres
  9 boggarts
  A wolf (shapeshifter) (D:11)
  23 wolves
  2 phantoms (D:6)
  13 centaurs
  A lemure (D:6)
  5 kobold brigands
  13 bullfrogs
  2 wyvern zombies
  A wyvern skeleton (D:14)
  7 scorpions
  Dowan (D:6)
  16 wights
  22 killer bees (Spider:3)
  3 howler monkeys
  4 electric eels
  2 crimson imps (Depths:5)
  4 draconian simulacra (IceCv)
  6 centaur zombies
  2 quasits
  4 jellies
  Crazy Yiuf (D:4)
  A bullfrog zombie (D:9)
  19 orc priests
  A bullfrog skeleton (D:12)
  6 centaur skeletons
  7 hounds
  5 iron imps
  6 iguanas
  26 orc wizards
  3 spriggan simulacra (IceCv)
  5 troll simulacra (IceCv)
  A polar bear simulacrum (IceCv)
  2 worker ants (D:11)
  20 hell rats
  A wolf simulacrum (IceCv)
  A killer bee zombie (D:9)
  3 centaur simulacra (IceCv)
  2 worker ant zombies (D:5)
  Robin (D:2)
  27 adders
  3 gnolls (D:7)
  3 ogre simulacra (IceCv)
  2 naga simulacra (IceCv)
  3 shadow imps
  15 white imps
  9 ufetubi
  An adder zombie (D:5)
  2 worms (D:4)
  3 dart slugs
  6 leopard geckos
  135 orcs
  4 giant cockroaches
  9 hobgoblins
  9 jackals
  5 quokkas
  7 bats
  3 frilled lizards
  22 goblins
  16 kobolds
  A leopard gecko skeleton (D:5)
  6 rats
  11 briar patches
2304 creatures vanquished.

Vanquished Creatures (collateral kills)
  Rupert (D:14)
  An Ice Fiend (IceCv)
  Kirke (D:12)
  A storm dragon (D:12)
  A boulder beetle (D:12)
  A death knight (D:12)
  2 harpies (D:14)
  A centaur zombie (D:14)
  An anaconda simulacrum (IceCv)
  A freezing wraith (D:12)
  2 ice devils (IceCv)
  A saltling (Desolation)
  4 hogs (D:12)
  A harpy simulacrum (IceCv)
  An iron troll simulacrum (IceCv)
  A centaur (D:12)
  A bullfrog (D:12)
  An orc priest (D:12)
23 creatures vanquished.

Vanquished Creatures (others)
  Asterion (Vaults:3)
  An eldritch tentacle (Abyss:3)
  A deep elf high priest (Elf:3)
  An ice dragon (Depths:1)
  A two-headed ogre (D:12)
  2 deep elf knights (Elf:1)
  A deep elf zephyrmancer (Elf:1)
  A jumping spider (Spider:4)
  3 humans (D:12)
  A neqoxec (Abyss:3)
  A wight (D:12)
  A jelly (D:12)
  An adder (D:11)
  An orc (D:12)
  5 briar patches
  A bush (Lair:6)
  24 foxfires
  44 fungi
  87 plants
  2 withered plants (D:12)
180 creatures vanquished.

Grand Total: 2507 creatures vanquished

Notes
Turn   | Place    | Note
-------+----------+-------------------------------------------
     0 | D:1      | jasper the Gargoyle Berserker began the quest for the Orb.
     0 | D:1      | Reached XP level 1. HP: 14/14 MP: 1/1
   417 | D:2      | Reached XP level 2. HP: 19/19 MP: 2/2
   982 | D:1      | Reached XP level 3. HP: 22/23 MP: 3/3
  1329 | D:1      | Reached ** piety under Trog
  1838 | D:3      | Noticed Robin
  1855 | D:2      | Killed Robin
  1856 | D:2      | Reached XP level 4. HP: 29/29 MP: 4/4
  2170 | D:3      | You fall into a shaft and drop 3 floors!
  2288 | D:6      | Noticed Dowan
  2305 | D:6      | Killed Dowan
  2306 | D:6      | Reached skill level 4 in Fighting
  2364 | D:6      | Noticed a bullfrog
  2378 | D:6      | Killed a bullfrog
  2379 | D:6      | Reached XP level 5. HP: 33/33 MP: 5/5
  2429 | D:5      | Entered Level 5 of the Dungeon
  2435 | D:5      | Noticed a centaur
  2450 | D:5      | Killed a centaur
  2451 | D:5      | Reached XP level 6. HP: 29/39 MP: 6/6
  2457 | D:5      | Reached skill level 5 in Maces & Flails
  2797 | D:4      | Reached XP level 7. HP: 41/44 MP: 7/7
  2878 | D:4      | Found a runed translucent door.
  2879 | D:4      | Noticed Crazy Yiuf
  3253 | D:3      | Found a bloodstained altar of Trog.
  3655 | D:4      | Noticed Edmund
  3683 | D:4      | Killed Edmund
  3684 | D:4      | Reached skill level 5 in Fighting
  5113 | D:5      | Reached XP level 8. HP: 50/50 MP: 8/8
  5847 | D:6      | Noticed Maggie
  5889 | D:6      | Killed Maggie
  5890 | D:6      | Reached skill level 5 in Armour
  5900 | D:6      | Reached skill level 6 in Fighting
  6103 | D:6      | Noticed Pikel
  6117 | D:6      | Killed Pikel
  6118 | D:6      | Reached XP level 9. HP: 56/56 MP: 9/9
  6310 | D:6      | Noticed Duvessa
  6342 | D:6      | Killed Duvessa
  6988 | D:6      | Noticed Grinder
  6998 | D:6      | Killed Grinder
  7010 | D:6      | Reached skill level 7 in Fighting
  7423 | D:7      | Found an ornate altar of the Wu Jian Council.
  7550 | D:7      | Reached skill level 5 in Dodging
  7574 | D:7      | Noticed Harold
  7706 | D:7      | Found a flagged portal.
  7726 | Bailey   | Entered a bailey
  7749 | Bailey   | Reached *** piety under Trog
  7935 | Bailey   | Noticed an orc knight
  7935 | Bailey   | Noticed an orc knight
  7935 | Bailey   | Noticed an orc knight
  7950 | Bailey   | Noticed an orc knight
  8236 | Bailey   | Killed an orc knight
  8237 | Bailey   | Reached XP level 10. HP: 63/63 MP: 10/10
  9148 | D:7      | Found a staircase to the Ecumenical Temple.
  9333 | Temple   | Entered the Ecumenical Temple
  9345 | Temple   | Killed Harold
  9590 | D:7      | Reached skill level 8 in Fighting
 10191 | D:8      | Reached skill level 10 in Maces & Flails
 10248 | D:8      | Found an opulent altar of Gozag.
 10392 | D:8      | Found a transporter.
 10394 | D:8      | Noticed rednaxela's ghost (novice BaBr)
 10584 | D:8      | Found a transporter.
 11077 | D:9      | Found Ruburyli's Armour Shop.
 11107 | D:9      | Bought the +3 scale mail "Hauss" {Will+ Regen+ Int+4} for
                  | 520 gold pieces
 11173 | D:9      | Reached **** piety under Trog
 11210 | D:9      | Found Fyetier's Assorted Antiques.
 11223 | D:9      | Bought a scroll labelled ONKOABA ZONKA for 36 gold pieces
 11223 | D:9      | Bought a murky yellow potion for 32 gold pieces
 11223 | D:9      | Bought a ruby potion for 32 gold pieces
 11223 | D:9      | Bought a scroll labelled BAQYNO DUACSYENTA for 36 gold
                  | pieces
 11224 | D:9      | Acquired 765 gold pieces
 11456 | D:9      | Reached XP level 11. HP: 68/69 MP: 11/11
 11539 | D:9      | Reached skill level 9 in Fighting
 11592 | D:9      | Found a staircase to the Lair.
 11724 | D:9      | Found Avotoan's Jewellery Emporium.
 11800 | D:9      | Found Xysois's Weapon Emporium.
 11811 | D:10     | Entered Level 10 of the Dungeon
 12072 | D:10     | Noticed a two-headed ogre
 12104 | D:10     | Killed a two-headed ogre
 12621 | D:10     | Noticed a cyclops
 12636 | D:10     | Killed a cyclops
 12831 | D:11     | Found a gate leading to a gauntlet.
 12842 | Gauntlet | Entered a Gauntlet
 12842 | Gauntlet | Found a transporter.
 12842 | Gauntlet | Found a transporter.
 12843 | Gauntlet | Noticed a harpy
 12845 | Gauntlet | Noticed a necromancer
 12850 | Gauntlet | Found a transporter.
 12855 | Gauntlet | Found a transporter.
 12862 | Gauntlet | Found a transporter.
 12866 | Gauntlet | Found a transporter.
 12871 | Gauntlet | Noticed a sun demon
 12874 | Gauntlet | Found a transporter.
 12887 | Gauntlet | Noticed a fire crab
 12890 | Gauntlet | Found a transporter.
 12905 | Gauntlet | Found a transporter.
 12908 | Gauntlet | Found a transporter.
 12917 | Gauntlet | Found a transporter.
 12930 | Gauntlet | Found a transporter.
 12932 | Gauntlet | Noticed a harpy
 12934 | Gauntlet | Noticed a death drake
 12944 | Gauntlet | a death drake changed into a merfolk
 12945 | Gauntlet | Noticed a swamp dragon
 12945 | Gauntlet | a merfolk changed into a swamp dragon
 12951 | Gauntlet | Noticed a death drake
 12951 | Gauntlet | a swamp dragon changed into a death drake
 12974 | Gauntlet | Noticed a fire crab
 12974 | Gauntlet | a troll changed into a fire crab
 12975 | Gauntlet | Killed a harpy
 12979 | Gauntlet | Killed a fire crab
 12985 | Gauntlet | Identified the amulet "Fauximp" {*Corrode rPois Regen+
                  | Int+2}
 13128 | Gauntlet | Killed a fire crab
 13132 | Gauntlet | Reached XP level 12. HP: 67/77 MP: 12/12
 13147 | Gauntlet | Reached skill level 10 in Fighting
 13148 | Gauntlet | Identified the +2 pair of gloves "Erghef" {Str+2 Dex+2}
 13290 | Gauntlet | Noticed a minotaur
 13303 | Gauntlet | Killed a minotaur
 13363 | Gauntlet | Identified the +8 glaive of Fate {freeze, rC- rN+ Str+3
                  | SInv}
 13388 | D:11     | Reached skill level 10 in Armour
 13493 | D:11     | Noticed Fannar
 13504 | D:11     | Killed Fannar
 13533 | D:11     | Noticed an eight-headed hydra
 13549 | D:11     | Killed an eight-headed hydra
 14089 | D:11     | Found Luja's Antique Weapon Boutique.
 14122 | D:11     | Noticed a minotaur
 14122 | D:11     | Noticed foci's ghost (journeyman GrFi)
 14187 | D:11     | Found a runed translucent gate.
 14187 | D:11     | Found a runed translucent gate.
 14187 | D:11     | Found a runed translucent gate.
 14254 | D:11     | Reached ***** piety under Trog
 14500 | D:11     | Found a staircase to the Orcish Mines.
 14827 | D:4      | Killed Crazy Yiuf
 15045 | Lair:1   | Entered Level 1 of the Lair of Beasts
 15269 | Lair:1   | Noticed a four-headed hydra
 15288 | Lair:1   | Killed a four-headed hydra
 15431 | Lair:1   | Noticed a seven-headed hydra
 15452 | Lair:1   | Killed a seven-headed hydra
 15894 | Lair:1   | Noticed a six-headed hydra
 15910 | Lair:1   | Killed a six-headed hydra
 16668 | Lair:2   | Noticed an eight-headed hydra
 16689 | Lair:2   | Reached skill level 11 in Fighting
 17091 | Lair:2   | Killed an eight-headed hydra
 17330 | Lair:2   | Found a hole to the Spider Nest.
 17380 | Lair:2   | Reached XP level 13. HP: 84/84 MP: 13/13
 18563 | Lair:3   | Reached skill level 12 in Fighting
 19154 | Lair:3   | Received a gift from Trog
 19552 | Lair:4   | Found a staircase to the Swamp.
 21230 | Lair:6   | Entered Level 6 of the Lair of Beasts
 21273 | Lair:6   | Gained mutation: Your large and strong wings let you fly
                  | indefinitely. [Gargoyle growth]
 21273 | Lair:6   | Reached XP level 14. HP: 92/92 MP: 14/14
 21380 | Lair:6   | Reached skill level 13 in Fighting
 21394 | Lair:6   | Received a gift from Trog
 21486 | Lair:6   | Reached skill level 10 in Dodging
 21797 | Lair:6   | Noticed Sonja
 21809 | Lair:6   | Killed Sonja
 21828 | Lair:6   | Noticed Snorg
 21883 | Lair:6   | Killed Snorg
 22133 | Lair:6   | Found a viscous altar of Jiyva.
 22134 | Lair:6   | Found a staircase to the Slime Pits.
 22181 | Lair:6   | Reached ****** piety under Trog
 22313 | Lair:6   | Reached skill level 14 in Fighting
 22327 | Lair:6   | Received a gift from Trog
 22559 | Lair:6   | Noticed Nessos
 22578 | Lair:6   | Killed Nessos
 22696 | Lair:6   | Reached XP level 15. HP: 100/100 MP: 15/15
 23232 | Orc:1    | Entered Level 1 of the Orcish Mines
 23297 | Orc:1    | You fall into a shaft and drop 1 floor!
 23297 | Orc:2    | Entered Level 2 of the Orcish Mines
 23339 | Orc:1    | Noticed an orc warlord
 23365 | D:11     | Killed an orc warlord
 23616 | Orc:1    | Reached skill level 15 in Fighting
 24152 | Orc:2    | Found Daacenum's Assorted Antiques.
 24325 | Orc:2    | Received a gift from Trog
 24343 | Orc:2    | Reached skill level 15 in Maces & Flails
 24724 | Orc:2    | Found Toid's Assorted Antiques.
 24724 | Orc:2    | Found Ycomot's Magic Scroll Emporium.
 24807 | Orc:2    | Found One Ymof's Antique Armour Emporium.
 24811 | Orc:2    | Found Laiz's Weapon Shop.
 24951 | Orc:2    | Found a shimmering altar of Xom.
 25069 | Orc:2    | Found a staircase to the Elven Halls.
 25514 | D:11     | Received a gift from Trog
 25541 | D:12     | Noticed Jorgrun
 25542 | D:12     | Noticed Kirke
 25621 | D:12     | Killed Jorgrun
 25629 | D:12     | Killed Kirke
 25725 | D:12     | Noticed a fire giant
 25745 | D:12     | Killed a fire giant
 25765 | D:12     | Noticed Nergalle
 25808 | D:12     | Killed Nergalle
 25861 | D:12     | Noticed a storm dragon
 25875 | D:12     | Killed a storm dragon
 25875 | D:12     | Noticed a frost giant
 25900 | D:12     | Killed a frost giant
 26221 | D:12     | Noticed Gastronok
 26237 | D:12     | Killed Gastronok
 26238 | D:12     | Reached XP level 16. HP: 108/108 MP: 16/16
 26310 | D:12     | Found a runed translucent door.
 26311 | D:12     | Noticed Lufidost's ghost (journeyman DsBe)
 26601 | D:12     | Killed Lufidost's ghost
 26705 | D:13     | Found a broken altar of Ashenzari.
 26836 | D:13     | Found Umiqul's Armour Boutique.
 27682 | D:13     | Received a gift from Trog
 28320 | D:14     | Noticed Rupert
 28341 | D:14     | Killed Rupert
 28356 | D:14     | Found a glowing silver altar of Zin.
 28356 | D:14     | Found a runed translucent door.
 28464 | D:14     | Found Imaret's Antique Weapon Boutique.
 28526 | D:14     | Found a gate to the Vaults.
 28896 | D:15     | Entered Level 15 of the Dungeon
 28900 | D:15     | Found a hide-covered altar of Uskayaw.
 29245 | D:15     | Received a gift from Trog
 29910 | D:15     | Reached skill level 1 in Evocations
 29990 | D:15     | Found a staircase to the Depths.
 30472 | Spider:1 | Entered Level 1 of the Spider Nest
 30615 | Spider:1 | You are sucked into a shaft and drop 1 floor!
 30873 | Spider:1 | Reached XP level 17. HP: 113/113 MP: 17/17
 30898 | Spider:1 | Reached skill level 5 in Evocations
 30976 | Spider:1 | Found a frozen archway.
 30989 | IceCv    | Entered an ice cave
 31678 | IceCv    | Received a gift from Trog
 31717 | IceCv    | Noticed an Ice Fiend
 31754 | IceCv    | Killed an Ice Fiend
 31800 | IceCv    | Identified the +1 helmet "Orrerec" {Dex+6}
 31816 | IceCv    | Identified the +1 pair of gloves of the Old World {Harm
                  | *Corrode *Slow rC+++}
 31819 | IceCv    | Identified the +1 plate armour "Xeimuem" {Str+8 Dex-2
                  | Slay+3 Stlth+}
 31857 | Spider:1 | Noticed Josephine
 31863 | Spider:1 | Killed Josephine
 32421 | Spider:1 | Acquired 933 gold pieces
 32646 | Spider:1 | Acquired 1151 gold pieces
 32955 | D:9      | Bought the +9 scales of the Dragon King {rPois rF+ rC+
                  | Will+} for 4492 gold pieces
 32955 | D:9      | Found the +9 scales of the Dragon King {rPois rF+ rC+
                  | Will+}
 33656 | Spider:2 | Identified the amulet "Xiunkeih" {Spirit Str+4}
 34213 | Spider:2 | Received a gift from Trog
 34725 | Spider:3 | Reached skill level 10 in Evocations
 35283 | Spider:3 | Received a gift from Trog
 35490 | Spider:4 | Entered Level 4 of the Spider Nest
 36300 | Spider:3 | Reached XP level 18. HP: 102/119 MP: 4/18
 36754 | Spider:4 | Reached skill level 15 in Armour
 36919 | Spider:4 | Received a gift from Trog
 37769 | Spider:4 | Reached skill level 16 in Fighting
 37925 | Spider:4 | Got a gossamer rune of Zot
 38168 | Swamp:1  | Entered Level 1 of the Swamp
 38848 | Swamp:2  | Received a gift from Trog
 39140 | Swamp:2  | Found a transporter.
 39327 | Swamp:2  | Found a transporter.
 39465 | Swamp:2  | Gained mutation: You are clumsy. (Dex -2) [mutagenic glow]
 39475 | Swamp:2  | Gained mutation: You occasionally shout uncontrollably at
                  | your foes. [mutagenic glow]
 39476 | Swamp:2  | Identified the -3 cloak "Cah Qopn" {Harm Will++}
 39478 | Swamp:2  | Identified the ring "Nil Zogh" {Fire rElec MP+9 Int+2
                  | Slay-3}
 41129 | Swamp:4  | Entered Level 4 of the Swamp
 41162 | Swamp:4  | Noticed Nikola
 41184 | Swamp:4  | Killed Nikola
 41405 | Swamp:4  | Reached XP level 19. HP: 122/127 MP: 19/19
 41475 | Swamp:4  | Received a gift from Trog
 41858 | Swamp:4  | Identified the +8 ring mail of Hiorr {Str+3 Int+4}
 41969 | Swamp:4  | Reached skill level 17 in Fighting
 42494 | Swamp:4  | Paralysed by a vampire knight for 7 turns
 42567 | Swamp:4  | Got a decaying rune of Zot
 42749 | Swamp:4  | Found a blossoming altar of Fedhas.
 42760 | Swamp:4  | Received a gift from Trog
 43190 | Elf:1    | Entered Level 1 of the Elven Halls
 43262 | Elf:1    | Found a ruined gateway.
 43283 | Desolati | Entered the Desolation of Salt
 43374 | Desolati | Identified the +7 hand crossbow of the Fifty Curses
                  | {freeze, Int+5 Dex+2}
 43380 | Desolati | Identified the +2 scale mail of Doguh {Regen+ Str+6 Int+4}
 43642 | Desolati | Received a gift from Trog
 43828 | Desolati | Found the +9 staff of Olgreb {rPois∞}
 44014 | Desolati | Received a gift from Trog
 44019 | Desolati | Identified the ring "Xiaf" {Ice Int-5 Dex+3 Stlth+}
 44042 | Desolati | Reached XP level 20. HP: 50/136 MP: 20/20
 44046 | Desolati | Reached skill level 18 in Fighting
 44526 | Desolati | Identified the +0 pair of gloves "Siapho" {Slay+5}
 44568 | Desolati | Identified the +6 war axe of Gravity {vorpal, +Inv rElec
                  | Dex+3}
 44569 | Desolati | Identified the +5 morningstar "Puossani" {freeze, +Fly
                  | SInv}
 45035 | D:9      | Bought a +4 ring of slaying for 1170 gold pieces
 45517 | Elf:1    | Noticed Aizul
 45531 | Elf:1    | Killed Aizul
 45535 | Elf:1    | Received a gift from Trog
 46680 | Elf:2    | Received a gift from Trog
 46711 | Elf:2    | Found a runed translucent gate.
 46711 | Elf:2    | Found a runed translucent gate.
 46715 | Elf:2    | Found a runed translucent gate.
 47365 | Elf:2    | Received a gift from Trog
 48122 | Vaults:1 | Entered Level 1 of the Vaults
 48517 | Vaults:1 | Reached skill level 19 in Fighting
 48558 | Vaults:1 | Reached XP level 21. HP: 88/144 MP: 21/21
 49846 | Vaults:2 | Received a gift from Trog
 50116 | Vaults:2 | Reached skill level 15 in Dodging
 50599 | Vaults:2 | Received a gift from Trog
 51045 | Vaults:2 | Reached skill level 20 in Fighting
 51705 | Vaults:2 | Identified the +9 eveningstar "Wuuschauch" {vorpal, rC-
                  | rN++ Str+2 Dex+3} (Trog gifted it to you on level 2 of the
                  | Vaults)
 51705 | Vaults:2 | Received a gift from Trog
 51761 | Vaults:3 | Noticed Bai Suzhen
 51768 | Vaults:3 | Killed Bai Suzhen
 51959 | Vaults:3 | Noticed Asterion
 51978 | Vaults:3 | Killed Asterion
 52087 | Vaults:2 | Reached XP level 22. HP: 137/152 MP: 22/22
 52693 | Vaults:3 | Received a gift from Trog
 53811 | Vaults:3 | Found a staircase to the Crypt.
 54006 | Vaults:3 | Received a gift from Trog
 54332 | Vaults:4 | Found a stormy altar of Qazlal.
 54393 | Vaults:4 | Noticed Donald
 54405 | Vaults:4 | Killed Donald
 54864 | Vaults:4 | Received a gift from Trog
 54947 | Vaults:4 | Reached skill level 15 in Evocations
 54951 | Vaults:4 | Noticed Boris
 54957 | Vaults:4 | Killed Boris
 54958 | Vaults:4 | Reached XP level 23. HP: 109/156 MP: 23/23
 55606 | Vaults:4 | Identified the +8 dire flail of Context {antimagic, Str+3}
                  | (Trog gifted it to you on level 4 of the Vaults)
 55606 | Vaults:4 | Received a gift from Trog
 55753 | Vaults:4 | Found a radiant altar of Vehumet.
 56332 | Elf:3    | Entered Level 3 of the Elven Halls
 56745 | Elf:3    | Cast into level 2 of the Abyss (a deep elf sorcerer)
 57069 | Abyss:2  | Received a gift from Trog
 57476 | Elf:3    | Escaped the Abyss
 57483 | Elf:3    | Reached skill level 1 in Throwing
 57914 | Elf:3    | Received a gift from Trog
 57934 | Elf:3    | Reached skill level 5 in Throwing
 57994 | Elf:3    | Received a gift from Trog
 58303 | Elf:3    | Reached XP level 24. HP: 141/163 MP: 23/23
 58503 | Elf:3    | Identified the ring "Guxzotsa" {rF+ rC- rN++ MP+9 Dex+3}
 58514 | Elf:3    | Identified the +9 dagger of Hyomm {protect, SInv}
 58516 | Elf:3    | Identified Sif Muna's Guide on the Rocks
 58571 | Elf:3    | Found the +8 frozen axe "Frostbite" {freezing cloud, *Noise
                  | +Fly rC+}
 58572 | Elf:3    | Identified the +1 dagger of Karma {vorpal, Int+4}
 59415 | Depths:1 | Entered Level 1 of the Depths
 59444 | Depths:1 | Identified the +10 scimitar of the Ass {vorpal, +Blink
                  | Will+}
 59764 | Depths:1 | Received a gift from Trog
 59777 | Depths:1 | Found a gateway to Hell.
 60140 | Depths:1 | Reached skill level 10 in Throwing
 60504 | Depths:1 | Identified the +0 ring mail "Jacaa" {rElec rPois Will-
                  | Int+8}
 61086 | Orc:2    | Bought a scroll of enchant armour for 90 gold pieces
 61086 | Orc:2    | Bought a scroll of enchant armour for 90 gold pieces
 61086 | Orc:2    | Bought a scroll of enchant armour for 90 gold pieces
 61086 | Orc:2    | Bought a scroll of silence for 90 gold pieces
 61086 | Orc:2    | Bought a scroll of immolation for 42 gold pieces
 61095 | Orc:2    | Bought a potion of curing for 87 gold pieces
 61095 | Orc:2    | Bought 2 potions of heal wounds for 290 gold pieces
 61095 | Orc:2    | Bought a potion of haste for 290 gold pieces
 61095 | Orc:2    | Bought a scroll of enchant armour for 217 gold pieces
 61125 | Orc:2    | Bought a scroll of teleportation for 93 gold pieces
 61125 | Orc:2    | Bought a potion of curing for 93 gold pieces
 61538 | Depths:2 | Received a gift from Trog
 61719 | Depths:2 | Noticed a caustic shrike
 61724 | Depths:2 | Noticed a caustic shrike
 61727 | Depths:2 | Killed a caustic shrike
 61732 | Depths:2 | Killed a caustic shrike
 62044 | Depths:2 | Found a gateway to a ziggurat.
 62366 | Depths:3 | Reached XP level 25. HP: 119/169 MP: 23/23
 62795 | Depths:3 | Identified the +8 chain mail "Xafir" {rC+ Int+4}
 62820 | Depths:3 | Received a gift from Trog
 63311 | Depths:3 | Reached skill level 21 in Fighting
 63316 | Depths:3 | Found a one-way gate leading to the halls of Pandemonium.
 63329 | Depths:3 | Paralysed by a chaos spawn for 5 turns
 63971 | Depths:4 | Received a gift from Trog
 64212 | Depths:4 | Found a one-way gate to the infinite horrors of the Abyss.
 64358 | Depths:4 | Found a white marble altar of Elyvilon.
 64358 | Depths:4 | Found a glowing golden altar of the Shining One.
 64358 | Depths:4 | Found a glowing silver altar of Zin.
 64551 | Depths:4 | Received a gift from Trog
 65273 | Depths:5 | Entered Level 5 of the Depths
 65348 | Depths:5 | Reached skill level 22 in Fighting
 65490 | Depths:5 | Reached XP level 26. HP: 179/179 MP: 23/23
 65862 | Depths:5 | Received a gift from Trog
 65938 | Depths:5 | Noticed Xtahua
 65942 | Depths:5 | Killed Xtahua
 66200 | Depths:5 | Found a gate to the Realm of Zot.
 66615 | Depths:4 | Voluntarily entered the Abyss.
 66763 | Abyss:3  | Gained mutation: You sometimes yell uncontrollably at your
                  | foes. [a neqoxec]
 66855 | Abyss:3  | Found a corrupted altar of Lugonu.
 66893 | Abyss:3  | Got an abyssal rune of Zot
 66938 | Depths:4 | Escaped the Abyss
 67113 | Zot:1    | Entered Level 1 of the Realm of Zot
 67135 | Zot:1    | Received a gift from Trog
 67808 | Zot:1    | Found the +4 dragonskin cloak
 67808 | Zot:1    | Noticed Tiamat
 67843 | Zot:1    | Slain by Tiamat

Illustrated notes

Levels and vault maps discovered:
D:1:      lemuel_arrival_hallway, layout_rooms
D:2:      kennysheep_big_flooded_room, layout_basic
D:3:      layout_loops_ring, bloody_trog, uniq_robin
D:4:      layout_loops_corners, uniq_edmund, uniq_crazy_yiuf_cottage
D:5:      layout_rooms, nicolae_sextant
D:6:      layout_basic, corexii_checkpoint_a, uniq_grinder, uniq_maggie,
          uniq_duvessa, uniq_pikel
D:7:      layout_gridville, temple_fountains, basic_altar, serial_rivers,
          chequers_serial_rivers_micro_b, chequers_serial_rivers_small_b,
          chequers_serial_rivers_small_b, chequers_serial_rivers_micro_d,
          chequers_serial_rivers_room_b, enter_bailey_3, the_bakery, uniq_harold
D:8:      minmay_klotski, layout_loops_ring, gammafunk_ghost_mausoleum,
          nicolae_gozag_seed_capital
D:9:      layout_roguey, erik_lair_dragon, serial_shops,
          nicolae_shop_statue_plus, nicolae_shop_behind_doors, shop,
          nicolae_shop_overgrown_old_shop
D:10:     layout_basic
D:11:     cheibrodos_frozen_isle, layout_cave_pools, erik_orc_1,
          maelrawn_ghost_gauntlet_escape, gauntlet_entry_generic, serial_shops,
          nicolae_shop_statue_plus, uniq_fannar
D:12:     minmay_octo_star, layout_rooms, gammafunk_ghost_grave, uniq_kirke,
          uniq_gastronok, uniq_jorgrun, uniq_nergalle
D:13:     layout_grid_maze, serial_shops, kennysheep_mini, basic_altar
D:14:     layout_roguey, hangedman_vaults_entry_quadrant_bands, serial_shops,
          nicolae_shop_crystal, lemuel_angel_altar, uniq_rupert
D:15:     gammafunk_enter_depths_forms, layout_gridville,
          nicolae_uskayaw_en_pointe, minmay_misc_feat_chi
Temple:   compressed_dpeg_circular_temple
Lair:1:   layout_layer_cave
Lair:2:   layout_regular_city, spider_nest_entry_rubble
Lair:3:   layout_chaotic_city, lemuel_fruit_tree
Lair:4:   lemuel_reptile_caves, layout_cave_shapes, minmay_swamp_entry_swarm
Lair:5:   layout_loops_ring
Lair:6:   minmay_lair_end_enchanted_forest, layout_loops_ring, slime_altar_1,
          serial_bayou_shore_a, minmay_lair_oklob_chamber, uniq_sonja,
          uniq_snorg, uniq_nessos
Swamp:1:  layout_basic_swamp, evilmike_swamp_ruin_house_2, swamp_pool4,
          nicolae_swamp_feature_on_the_river_bank
Swamp:2:  gammafunk_worm_tunnel, layout_basic_swamp,
          evilmike_swamp_ruin_rubble_1, infiniplex_staircase_pool
Swamp:3:  layout_falls_marsh, nicolae_swamp_bean_lake
Swamp:4:  byrel_swamp_growth_death_and_undeath, layout_basic_swamp,
          grunt_hermit_hut, uniq_nikola
Spider:1: layout_spider_delve, portal_ice_cave_entry_pillars_three,
          uniq_josephine
Spider:2: layout_spider_delve, nicolae_spider_circle_web,
          nicolae_spider_cling_halls, nicolae_spider_cling_ruins
Spider:3: layout_spider_delve, special_room [special_room_bee], drop_trap,
          worms_lemuel
Spider:4: guppyfry_spider_rune
Orc:1:    layout_caves
Orc:2:    st_orc_town, layout_caves, basic_altar, serial_shops, shop_statue
Elf:1:    elf_arrival_002, layout_geoelf_grid,
          portal_desolation_entry_twin_temple, hangedman_elf_represent,
          grunt_megastairs_3, uniq_aizul
Elf:2:    layout_onion_city, patterned_corridor
Elf:3:    minmay_elf_hall_hex, layout_onion_city
Vaults:1: grunt_vaults_focal, ontoclasm_vaults_decontamination,
          ontoclasm_vaults_shuriken, vaults_dpeg_hooks,
          ontoclasm_vaults_ring_large, vaults_standard_mumra_lines,
          vaults_room_glass_cross, ontoclasm_vaults_pinch,
          layout_vaults_omnigrid
Vaults:2: v_misc_9, vaults_room_octagon, v_alt_pattern_2,
          vaults_standard_mumra_x, st_lattice, vaults_room_pools, v_misc_2,
          grunt_vaults_trifunnel, nicolae_vaults_yaktaur_gun_rack, v_misc_15,
          ontoclasm_vaults_twist, ontoclasm_vaults_claustrophobia,
          layout_vaults_omnicross
Vaults:3: minmay_crypt_entry_skeletal_spiral, vaults_room_ringed_pool,
          nicolae_vaults_little_squares_3, nicolae_vaults_minivaults,
          hangedman_vaults_locks, ontoclasm_vaults_misaligned, v_rooms_1,
          v_misc_17, vaults_room_fancy_cross, nicolae_vaults_theta,
          vaults_mumra_lcd, v_misc_5, hangedman_vaults_snaps,
          ontoclasm_vaults_fault, nicolae_vaults_angled_halls,
          nicolae_vaults_mini_display_case, vaults_room_pool,
          layout_vaults_omnibox, uniq_asterion, uniq_bai_suzhen
Vaults:4: dpeg_vaults_monster_row, grunt_vaults_funnel,
          nicolae_vaults_little_squares_2, hangedman_vaults_hat,
          vaults_dpeg_ring, ontoclasm_vaults_hangar,
          nicolae_vaults_inception_corners, v_misc_11, grunt_tower_of_power,
          layout_vaults_maze, basic_altar, uniq_donald, uniq_boris
Depths:1: layout_basic, ebering_dispersal_statue_hall, hell_entry,
          serial_corexii_hall, corexii_hall_statues_x, corexii_hall_statues_i,
          evilmike_minifort
Depths:2: minmay_the_grid_four_pointed_star
          [minmay_the_grid_triangle_9x9_stretched_checkered,
          minmay_the_grid_triangle_9x9_pentomino_pain,
          minmay_the_grid_triangle_9x9_dagger,
          minmay_the_grid_triangle_9x9_swiss_cheese,
          minmay_the_grid_prize_four_corners], layout_cross, enter_ziggurat_e,
          pf_hell_entry_tar_river, solitary_fountain
Depths:3: minmay_bloctagon_deflated, layout_cave_pools, hell_entry,
          infiniplex_staircase_spiral_double, grunt_pan_entry_sceptre
Depths:4: minmay_expanding_squares, layout_long_grid, abyss_entry,
          chequers_serial_rivers_micro_b, hellmouth_1, hallowed_hall,
          infiniplex_staircase_trident
Depths:5: grunt_twist_and_shout, layout_gridlike, amcnicky_mini_pool_small,
          pf_dread_powers_of_hell, uniq_xtahua
Zot:1:    layout_gridlike, hangedman_zot_decor_tridents,
          hangedman_zot_decor_unnerving_road, uniq_tiamat

Skill      XL: |  1  2  3  4  5  6  7  8  9 10 11 12 13 14 15 16 17 18 19 20 21 22 23 24 25 26 |
---------------+-------------------------------------------------------------------------------+-----
Dodging        | 2 3 4 5 6 7 8 9 11 12 13 14 15 16 | 16.4
Fighting       | 4 5 6 7 8 9 11 12 14 15 16 17 19 20 22 | 22.9
Maces & Flails | 4 5 6 7 9 10 12 14 18 20 | 20.0
Armour         | 3 4 5 7 8 9 11 12 14 16 17 18 20 21 | 21.5
Evocations     | 4 10 15 17 18 | 18.2
Throwing       | 7 12 | 12.0

Action                   |  1- 3 |  4- 6 |  7- 9 | 10-12 | 13-15 | 16-18 | 19-21 | 22-24 | 25-27 || total
-------------------------+-------+-------+-------+-------+-------+-------+-------+-------+-------++-------
Melee: Mace              |    94 |    68 |    50 |       |       |       |       |       |       ||   212
       Flail             |       |       |   215 |       |       |       |       |       |       ||   215
       Dire flail        |       |       |    82 |   590 |  1703 |     5 |       |       |       ||  2380
       Great mace        |       |       |       |       |       |  2045 |  1117 |  1215 |   685 ||  5062
       Morningstar       |       |       |       |       |       |    14 |       |       |       ||    14
 Fire: Hunting sling     |     4 |     8 |       |       |       |       |       |       |       ||    12
       Shortbow          |       |     8 |    86 |    48 |       |       |       |       |       ||   142
       Hand crossbow     |       |       |       |       |    15 |       |       |       |       ||    15
Throw: Stone             |    56 |     7 |    65 |   126 |   165 |   144 |     2 |       |       ||   565
       Javelin           |       |       |       |       |       |       |     4 |       |       ||     4
       Boomerang         |       |       |       |       |       |       |       |     4 |   146 ||   150
Invok: Berserk           |     4 |     3 |    12 |    15 |     8 |     6 |     3 |     1 |     1 ||    53
       Trog's Hand       |       |     5 |     9 |     7 |     9 |     7 |    12 |    13 |     4 ||    66
       Brothers in Arms  |       |       |       |       |     3 |     4 |     2 |       |       ||     9
 Abil: Fly               |       |       |       |       |     1 |       |       |       |       ||     1
Evoke: Wand              |       |       |    20 |       |     5 |    16 |     6 |       |     4 ||    51
       Tin of tremorston |       |       |       |     2 |     4 |     9 |    11 |    15 |     6 ||    47
       Lightning rod     |       |       |       |       |     5 |    11 |     5 |     5 |       ||    26
       Phantom mirror    |       |       |       |       |       |     1 |       |       |       ||     1
       Condenser vane    |       |       |       |       |       |       |     6 |     9 |     6 ||    21
  Use: Scroll            |       |       |    16 |     8 |     4 |     5 |    12 |     1 |     7 ||    53
       Potion            |       |       |     5 |     5 |     1 |     4 |     4 |     1 |       ||    20
 Stab: Invisible         |       |       |     4 |       |       |       |       |       |       ||     4
       Petrified         |       |       |       |       |     5 |       |       |       |       ||     5
       Petrifying        |       |       |       |       |     1 |       |       |       |       ||     1
       Paralysed         |       |       |       |       |     3 |     3 |       |       |       ||     6
       Distracted        |       |       |       |       |       |       |       |     1 |       ||     1
Armor: Animal skin       |     3 |       |       |       |       |       |       |       |       ||     3
       Leather armour    |    41 |       |       |       |       |       |       |       |       ||    41
       Ring mail         |    13 |    36 |    14 |       |       |       |       |       |       ||    63
       Scale mail        |       |       |    41 |   222 |   789 |       |       |       |       ||  1052
       Chain mail        |       |       |   117 |   122 |       |       |       |       |       ||   239
       Storm dragon scal |       |       |       |       |    10 |   764 |       |       |       ||   774
       Gold dragon scale |       |       |       |       |       |  1573 |  1349 |   968 |   633 ||  4523
Dodge: Dodged            |    56 |    38 |   146 |   231 |  1063 |  1471 |   651 |   487 |   356 ||  4499

Table legend: (Time is in decaauts)
 A = Elapsed time spent in this place.
 B = Non-inter-level travel time spent in this place.
 C = Inter-level travel time spent in this place.
 D = Time resting spent in this place.
 E = Time spent auto-exploring this place.
 F = Levels seen in this place.
 G = Mean time per level.
                   A        B        C        D        E       F      G
               +--------+--------+--------+--------+--------+-----+--------+
         Total |  66157 |  60577 |   5580 |  13674 |  32559 |  53 | 1248.2 |
       Dungeon |  20414 |  17339 |   3075 |   3966 |   9387 |  15 | 1360.9 |
        Temple |     63 |     63 |      0 |     48 |      0 |   1 |   63.0 |
          Lair |   8039 |   7479 |    560 |   1226 |   4777 |   6 | 1339.8 |
         Swamp |   4593 |   4416 |    177 |   1010 |   2477 |   4 | 1148.2 |
   Spider Nest |   5925 |   5459 |    466 |   1472 |   2563 |   4 | 1481.2 |
  Orcish Mines |   1964 |   1595 |    369 |    293 |    719 |   2 |  982.0 |
   Elven Halls |   4989 |   4560 |    429 |    597 |   2845 |   3 | 1663.0 |
        Vaults |   7656 |   7408 |    248 |   1829 |   4235 |   4 | 1914.0 |
        Depths |   6601 |   6348 |    253 |   1816 |   3215 |   5 | 1320.2 |
           Zot |    699 |    699 |      0 |    192 |    380 |   1 |  699.0 |
         Abyss |   1001 |   1001 |      0 |    131 |    245 |   4 |  250.2 |
        Bailey |   1328 |   1328 |      0 |    683 |    209 |   1 | 1328.0 |
      Ice Cave |    814 |    814 |      0 |    140 |    332 |   1 |  814.0 |
    Desolation |   1533 |   1533 |      0 |     26 |   1062 |   1 | 1533.0 |
      Gauntlet |    532 |    532 |      0 |    239 |    110 |   1 |  532.0 |
               +--------+--------+--------+--------+--------+-----+--------+

Top non-repeatable levels by time:
Vaults:2: 2341 daAuts
    D:11: 2276 daAuts
  Lair:1: 2267 daAuts
Vaults:3: 2222 daAuts
Depths:4: 2033 daAuts
Spider:3: 1997 daAuts
     D:6: 1986 daAuts
   Elf:3: 1967 daAuts
     D:4: 1916 daAuts
     D:9: 1869 daAuts
Spider:1: 1667 daAuts
Vaults:4: 1633 daAuts
  Lair:6: 1598 daAuts
Desolation: 1533 daAuts
   Elf:2: 1532 daAuts
